 Dungeon Crawl Stone Soup version 0.31-a0-632-g766dd24fdf (webtiles) character file.

Game seed: 9980489133359112069

468 thirtiethelement the Ruffian (level 6, -5/44 HPs)
             Began as a Demonspawn Shapeshifter on Aug 25, 2023.
             Killed by nerve-wracking pain
             ... invoked by Grinder
              (13 damage)
             ... on level 4 of the Dungeon.
             The game lasted 00:08:09 (3167 turns).

thirtiethelement the Ruffian (DsSh)                 Turns: 3167, Time: 00:08:09

Health: -5/44      AC:  3    Str: 20    XL:     6   Next: 81%
Magic:  6/6        EV: 12    Int: 15    God:
Gold:   189        SH:  4    Dex: 14    Spells: 5/5 levels left

rFire   . . .        b - +1 dagger of Linearity {freeze, rCorr Str+3 Int+6}
rCold   . . .        j - +0 buckler
rNeg    . . .        e - +0 leather armour
rPois   .            m - melded +0 helmet
rElec   .            (cloak currently unavailable)
rCorr   +            (gloves currently unavailable)
SInv    .            (boots currently unavailable)
Will    .....        (no amulet)
Stlth   +            (no ring)
HPRegen 0.27/turn    (no ring)
MPRegen 0.10/turn

%: no passive effects
@: beast-form
A: beast (slay +2), powered by pain 1, spiny 1, demonic touch 1
a: Begin Untransformation


You were on level 4 of the Dungeon.
You were a hulking beast.
You visited 1 branch of the dungeon, and saw 4 of its levels.

You collected 189 gold pieces.

Inventory:

Hand Weapons
 b - the +1 dagger of Linearity (weapon) {freeze, rCorr Str+3 Int+6}
   (You found it on level 4 of the Dungeon)

   Str+3:     It affects your strength (+3).
   Int+6:     It affects your intelligence (+6).
   rCorr:     It protects you from acid and corrosion.
Missiles
 k - 4 poisoned darts (quivered)
Armour
 e - a +0 leather armour (worn)
 j - a +0 buckler (worn)
 m - a +0 helmet (melded)
Talismans
 c - a beast talisman (active)
 d - a flux talisman
 n - a maw talisman
Scrolls
 a - a scroll of vulnerability {unknown}
 l - a scroll of summoning {unknown}
 o - 2 scrolls of enchant armour
 p - a scroll of poison {unknown}
Potions
 f - a potion of brilliance
 g - 5 potions of curing
 h - a potion of might {unknown}


   Skills:
 + Level 1.6 Fighting
 + Level 1.0 Throwing
 + Level 2.4 Armour
 + Level 3.1 Dodging
 + Level 1.0 Stealth
 + Level 1.0 Shields
 + Level 4.5 Unarmed Combat
 + Level 3.5 Shapeshifting


You had 5 spell levels left.
You didn't know any spells.
Your spell library contained the following spells:

 Spells                   Type           Power      Damage    Failure   Level
 Sandblast                Erth           0%         2d4       38%         1
 Cigotuvi's Dreadful Rot  Necr/Pois/Air  0%         N/A       52%         2
 Passwall                 Tmut/Erth      0%         N/A       52%         2
 Wereblood                Tmut           0%         N/A       52%         2
 Ignite Poison            Fire/Tmut/Pois 0%         N/A       77%         3
 Stone Arrow              Conj/Erth      0%         3d7       77%         3
 Vhi's Electric Charge    Tloc/Air       0%         N/A       77%         3
 Arcjolt                  Conj/Air       0%         1d10      100%        5
 Freezing Cloud           Conj/Ice/Air   0%         6-21      100%        5
 Irradiate                Conj/Tmut      0%         3d11      100%        5
 Maxwell's Capacitive Co  Air            0%         ∞         100%        8


Dungeon Overview and Level Annotations

Branches:
Dungeon (4/15)
 Temple: D:4-7

Altars:

Annotations:
D:4 Grinder


Innate Abilities, Weirdness & Mutations

You are a hulking beast.
Your limbs bulge with bestial killing power. (Slay +2)
You sometimes gain a little power by taking damage.
You are partially covered in sharp spines.
Your touch may inflict minor irresistible damage on your foes.


Message History

The iguana barely misses you.
You hit the iguana.
You kill the iguana!
You see here the +1 dagger of Linearity {freeze, rCorr Str+3 Int+6}.
b - the +1 dagger of Linearity {freeze, rCorr Str+3 Int+6} You feel stronger.
You feel clever.
The +1 dagger of Linearity {freeze, rCorr Str+3 Int+6} glows with a cold blue light!
b - the +1 dagger of Linearity (weapon)
{freeze, rCorr Str+3 Int+6} HP restored.
You now have 181 gold pieces (gained 8).
Found an escape hatch in the ceiling.
You now have 189 gold pieces (gained 8).
k - a poisoned dart
k - 2 poisoned darts (gained 1)
Found an escape hatch in the floor.
k - 4 poisoned darts (gained 2)
You pick up Maxwell's Memoranda and begin reading...
You add the spells Vhi's Electric Charge, Arcjolt and Maxwell's Capacitive Coupling to your library.
Grinder comes into view.
Grinder shouts!
Grinder says, "At least Makhleb appreciates what I'm doing."
Found a stone staircase leading up.
Grinder barely misses you.
You hit Grinder but do no damage. Grinder gestures at you.
Pain shoots through your body!
You barely miss Grinder. Grinder hits you!
You writhe in agony.
You barely miss Grinder. Grinder hits you.
* * * LOW HITPOINT WARNING * * *
You writhe in agony.
* * * LOW HITPOINT WARNING * * *
Grinder is struck by your spines. Grinder hits you.
* * * LOW HITPOINT WARNING * * *
You writhe in agony.
* * * LOW HITPOINT WARNING * * *
Grinder gestures at you.
You barely resist. Grinder gestures at you. Pain shoots through your body!
You die...
Grinder says, "Now the real fun starts!"

...............#
...................##...
...................##.#)
.....>................))
..<...............)[....
#........#..............
##......<.#.........#..##
#...................#.##
#.......h...........#.#
#.....................#
#......5.............##
#..................###
#............######
##...........#
#####.......# ##.....##
#.......#


You could see Grinder.

Vanquished Creatures
  Eustachio (D:3)
  2 hounds (D:4)
  An orc priest (D:3)
  An iguana (D:4)
  3 orc wizards (D:3)
  Robin (D:2)
  3 gnolls (D:4)
  An adder (D:2)
  2 worms
  A dart slug (D:1)
  12 orcs
  3 endoplasms
  12 goblins
  6 hobgoblins
  5 kobolds
  3 quokkas
  6 ball pythons
  6 bats
  3 frilled lizards
  8 rats
80 creatures vanquished.

Notes
Turn   | Place    | Note
-------+----------+-------------------------------------------
     0 | D:1      | thirtiethelement the Demonspawn Shapeshifter began the
                  | quest for the Orb.
     0 | D:1      | Reached XP level 1. HP: 15/15 MP: 1/1
   355 | D:1      | Gained mutation: You are partially covered in sharp spines.
                  | [demonic ancestry]
   355 | D:1      | Reached XP level 2. HP: 12/21 MP: 2/2
  1167 | D:2      | Noticed Robin
  1177 | D:2      | Gained mutation: You sometimes gain a little power by
                  | taking damage. [demonic ancestry]
  1177 | D:2      | Reached XP level 3. HP: 14/26 MP: 3/3
  1236 | D:2      | Reached skill level 3 in Unarmed Combat
  1250 | D:2      | Killed Robin
  1251 | D:2      | Reached skill level 1 in Armour
  1440 | D:2      | Gained mutation: Your touch may inflict minor irresistible
                  | damage on your foes. [demonic ancestry]
  1440 | D:2      | Reached XP level 4. HP: 32/32 MP: 4/4
  1885 | D:3      | Found a faded altar of an unknown god.
  2613 | D:3      | Reached XP level 5. HP: 17/37 MP: 5/5
  2692 | D:4      | Noticed Eustachio
  2718 | D:3      | Reached skill level 4 in Unarmed Combat
  2874 | D:3      | Killed Eustachio
  2875 | D:3      | Reached XP level 6. HP: 13/43 MP: 6/6
  3074 | D:4      | Reached skill level 1 in Throwing
  3095 | D:4      | Reached skill level 1 in Stealth
  3095 | D:4      | Reached skill level 1 in Shields
  3116 | D:4      | Identified the +1 dagger of Linearity {freeze, rCorr Str+3
                  | Int+6}
  3158 | D:4      | Noticed Grinder
  3167 | D:4      | Killed from afar by Grinder

Illustrated notes

Levels and vault maps discovered:
D:1:      scummos_arrival_gate, layout_basic
D:2:      layout_rooms, uniq_robin
D:3:      layout_basic, hellmonk_ecumenical_altar_arch_garden,
          minmay_misc_feat_room, interstate_on_off
D:4:      layout_rooms, kennysheep_little_box, vehumet_crystals,
          old_standard_altar, uniq_eustachio, uniq_grinder

Skill      XL: |  1  2  3  4  5  6 |
---------------+-------------------+-----
Shapeshifting  | 3 |  3.5
Dodging        | 2 3 |  3.1
Unarmed Combat | 3 4 |  4.5
Armour         | 1 2 |  2.4
Throwing       | 1 |  1.0
Stealth        | 1 |  1.0
Shields        | 1 |  1.0
Fighting       | |  1.6

Action                     |  1- 3 |  4- 6 || total
---------------------------+-------+-------++-------
  Melee: Unarmed           |    99 |    99 ||   198
         Punch             |     1 |       ||     1
         Dagger            |       |     3 ||     3
  Throw: Dart              |       |    15 ||    15
    Use: Scroll            |       |     4 ||     4
         Potion            |       |     1 ||     1
 Armour: Leather armour    |    28 |    16 ||    44
         Skin              |       |    13 ||    13
  Dodge: Dodged            |    48 |    43 ||    91
  Block: Buckler           |    13 |    18 ||    31
         Form:             |     1 |       ||     1
         Beast             |     1 |       ||     1

Table legend: (Time is in decaauts)
 A = Elapsed time spent in this place.
 B = Non-inter-level travel time spent in this place.
 C = Inter-level travel time spent in this place.
 D = Time resting spent in this place.
 E = Time spent auto-exploring this place.
 F = Levels seen in this place.
 G = Mean time per level.
                   A        B        C        D        E       F      G
               +--------+--------+--------+--------+--------+-----+--------+
         Total |   3168 |   3068 |    100 |    597 |   1795 |   4 |  792.0 |
       Dungeon |   3168 |   3068 |    100 |    597 |   1795 |   4 |  792.0 |
               +--------+--------+--------+--------+--------+-----+--------+

Top non-repeatable levels by time:
     D:3: 1199 daAuts
     D:1: 1175 daAuts
     D:2: 600 daAuts
     D:4: 193 daAuts
